Map: Bel'Shir Vestige LE (Void)

Players

Neuro

  • Race: Zerg Zerg
  • Spawn Location: 11:00

daydrA - Winner!

  • Race: Zerg Zerg
  • Spawn Location: 5:00

Event: WCS Austin 2017

VOD

Have the link to the VOD?

Description

Time

  • Played on: April 28, 2017, 3:41 p.m.
  • Length: 9:02

All games in this series

Show
View Real Time Build Order
Export as new Build Order

Neuro Zerg 

Build Orders: Pool First 

Get SALT Encoding   

  12  0:01  Drone  
  13  0:13  Overlord  
  13  0:18  Drone  
  14  0:31  Drone x2  
  14  0:35  Drone  
  17  0:46  Extractor  
  17  0:49  Drone, Spawning Pool  
  16  0:56  Drone  
  17  1:13  Drone  
  18  1:19  Hatchery  
  18  1:20  Drone  
  18  1:29  Drone  
  19  1:36  Queen  
  21  1:41  Overlord  
  21  1:49  Metabolic Boost  
  22  1:54  Zergling x2  
  22  2:02  Zergling x2  
  23  2:10  Baneling Nest  
  23  2:13  Zergling x2  
  23  2:19  Queen  
  25  2:23  Zergling x2  
  26  2:32  Queen, Zergling x2  
  26  2:35  Zergling x2  
  30  2:45  Zergling x6  
  30  2:55  Baneling x2  
  30  2:57  Zergling x4  
  29  3:03  Zergling x2  
  28  3:05  Zergling x2  
  12  3:35  Drone  
  13  3:42  Baneling  
  13  3:44  Zergling x2  
  14  3:53  Zergling x2  
  7  4:05  Drone  
  8  4:12  Baneling  
  8  4:36  Drone  
  9  4:48  Drone  
  10  5:01  Drone  
  11  5:14  Drone  
  12  5:28  Zergling x4  
  12  5:34  Zergling x2  
  14  5:40  Drone  
  15  5:48  Drone  
  16  5:53  Drone  
  17  6:00  Zergling x2  
  18  6:05  Drone  
  18  6:15  Zergling x4  
  20  6:28  Drone  
  20  6:55  Overlord  
  19  7:04  Drone x3  
  21  7:13  Baneling  
  21  7:18  Hatchery  
  20  7:24  Drone  
  20  7:28  Drone  
  22  7:34  Drone x2  
  24  7:47  Drone x3  
  26  7:58  Overlord  
  25  8:08  Baneling  
  25  8:18  Roach Warren  
  25  8:19  Drone x4  
  26  8:38  Overlord  
Show
View Real Time Build Order
Export as new Build Order

daydrA Zerg - Winner!

Build Orders: Pool First, Zergling Baneling 

Get SALT Encoding   

  12  0:01  Drone  
  13  0:12  Extractor  
  12  0:24  Spawning Pool  
  12  0:28  Drone  
  12  0:32  Drone  
  13  0:37  Drone  
  14  0:49  Overlord  
  14  1:10  Queen  
  16  1:14  Metabolic Boost  
  16  1:16  Zergling x2  
  17  1:21  Zergling x2  
  19  1:25  Zergling x2  
  19  1:31  Zergling x2  
  20  1:40  Baneling Nest  
  20  1:46  Zergling x2  
  20  1:54  Zergling x2  
  21  2:01  Overlord  
  21  2:11  Zergling x2  
  22  2:19  Zergling x2  
  22  2:20  Zergling x2  
  24  2:24  Zergling x4  
  26  2:32  Baneling x2  
  26  2:33  Baneling  
  26  2:35  Zergling x2  
  27  2:50  Zergling x4  
  27  2:51  Zergling x4  
  28  2:57  Zergling x2  
  28  3:08  Zergling x2  
  27  3:14  Baneling x2  
  27  3:15  Baneling x2  
  27  3:18  Zergling x2  
  18  3:34  Zergling x2  
  18  3:40  Zergling x2  
  19  4:01  Zergling x2  
  19  4:02  Zergling x6  
  21  4:13  Drone  
  22  4:18  Hatchery  
  22  4:23  Drone  
  22  4:28  Drone x2  
  22  4:40  Queen  
  25  4:45  Drone  
  25  4:49  Drone  
  26  4:54  Drone  
  26  4:59  Baneling  
  27  5:00  Baneling  
  27  5:06  Overlord  
  27  5:10  Drone x2  
  29  5:17  Zergling x2  
  28  5:29  Roach Warren  
  25  5:36  Zergling x6  
  25  5:37  Zergling x2  
  29  5:46  Queen  
  31  5:54  Zergling x4  
  31  5:55  Baneling  
  31  5:56  Baneling  
  33  6:05  Drone x2  
  34  6:12  Drone x3  
  34  6:13  Drone  
  38  6:24  Zergling x6  
  41  6:29  Drone x2  
  43  6:38  Roach  
  43  6:40  Overlord  
  43  6:41  Overlord  
  43  6:53  Roach, Overlord  
  43  6:56  Extractor  
  42  7:02  Roach x3  
  42  7:03  Roach  
  42  7:06  Drone x2  
  51  7:10  Drone x2  
  53  7:16  Roach  
  53  7:17  Drone  
  53  7:19  Drone  
  53  7:20  Drone  
  58  7:25  Roach  
  58  7:29  Roach  
  62  7:35  Roach x2  
  62  7:36  Roach  
  68  7:39  Overlord  
  68  7:55  Lair  
  68  7:57  Overlord x2, Evolution Chamber  
  68  7:58  Drone x2  
  68  7:59  Drone  
  68  8:00  Drone  
  69  8:06  Drone x2  
  69  8:08  Baneling  
  69  8:09  Baneling x3  
  71  8:17  Roach  
  72  8:26  Extractor  
  71  8:27  Zergling x10  
  71  8:28  Zergling x4  
  71  8:34  Drone x4  
  81  8:38  Zergling x2  
  82  8:42  Zergling x2  
Tags
 
Add a new tag
Caveats
  • Supply blocks, unpowered buildings, or Contaminate may cause inaccurate times.
  • Supply counts are checked every 10 seconds.